 Dungeon Crawl Stone Soup version 0.27.1-34-g3ba077fa99 (webtiles) character file.

Game seed: 8353512533461995868

51 Fek the Skirmisher (level 3, -1/33 HPs)
             Began as a Hill Orc Fighter on Jan 30, 2022.
             Slain by an orc (3 damage)
             ... on level 2 of the Dungeon.
             The game lasted 00:02:16 (1537 turns).

Fek the Skirmisher (Hill Orc Fighter)               Turns: 1537, Time: 00:02:17

Health: -1/33      AC:  8    Str: 19    XL:     3   Next: 81%
Magic:  3/3        EV:  7    Int:  8    God:
Gold:   73         SH:  9    Dex: 10    Spells: 2/2 levels left

rFire    . . .     SeeInvis .   a - +0 war axe
rCold    . . .     Faith    .   c - +0 kite shield
rNeg     . . .     Spirit   .   b - +0 scale mail
rPois    .         Reflect  .   (no helmet)
rElec    .         Harm     .   (no cloak)
rCorr    .         Rampage  .   (no gloves)
Will     .....                  l - +0 pair of boots
Stlth    ..........             (no amulet)
HPRegen  0.11/turn              (no ring)
MPRegen  0.08/turn              (no ring)

@: no status effects
A: no striking features
a: no special abilities


You were on level 2 of the Dungeon.
You visited 1 branch of the dungeon, and saw 3 of its levels.

You collected 73 gold pieces.

Inventory:

Hand Weapons
 a - a +0 war axe (weapon)
Armour
 b - a +0 scale mail (worn)
 c - a +0 kite shield (worn)
 l - a +0 pair of boots (worn)
Scrolls
 f - a scroll of teleportation {unknown}
 j - a scroll of acquirement {unknown}
 k - 3 scrolls of holy word {unknown}
 m - a scroll of magic mapping {unknown}
Potions
 d - a potion of might
 e - a potion of heal wounds {unknown}
 g - a potion of attraction {unknown}
 h - a potion of lignification {unknown}
 i - a potion of brilliance {unknown}


   Skills:
 + Level 4.1 Fighting
 + Level 3.8 Axes
 + Level 3.7 Armour
 + Level 3.7 Shields


You had 2 spell levels left.
You didn't know any spells.
Your spell library contained the following spells:

 Spells                   Type           Power      Damage    Failure   Level
 Dazzling Flash           Conj/Hex       0%         N/A       100%        3
 Iskenderun's Mystic Bla  Conj/Tloc      0%         2d3       100%        4
 Starburst                Conj/Fire      0%         6d3       100%        6


Dungeon Overview and Level Annotations

Branches:
Dungeon (3/15)

Altars:

Shops:
D:2 [


Message History

You are too injured to fight recklessly!
You are too injured to fight recklessly!
You are too injured to fight recklessly!
The orc wizard gestures at you while chanting.
The puff of flame hits you!
* * * LOW HITPOINT WARNING * * *
An orc comes into view. It is wielding a +0 hand axe.
The orc shouts!
The orc wizard hits you but does no damage.
There is a stone staircase leading up here.
You can't go down here!
You climb upwards.
There is a stone staircase leading down here.
The orc hits you with a +0 club.
* * * LOW HITPOINT WARNING * * *
You block the orc wizard's attack.
You climb downwards.
The orc hits you with a +0 mace.
* * * LOW HITPOINT WARNING * * *
The orc hits you but does no damage. You block the orc's attack.
There is a stone staircase leading up here.
You block the orc's attack. The orc hits you but does no damage. x2
You block the orc's attack.
The orc wizard hits you but does no damage.
The orc hits you but does no damage.
You climb upwards.
There is a stone staircase leading down here.
Unknown command.
You can't go up here!
Unknown command.
You hit the orc.
The orc is heavily wounded.
You closely miss the orc. You hit the orc. You hit the orc but do no damage.
You hit the orc wizard but do no damage.
You closely miss the orc. The orc barely misses you.
The orc hits you but does no damage. The orc hits you with a +0 falchion.
* * * LOW HITPOINT WARNING * * *
The orc closely misses you. The orc wizard barely misses you.
The orc barely misses you. x2; You block the orc's attack.
The orc hits you with a +0 falchion.
You die...

##[.#.## ##.## #..#
#....## ##.# ##.#
#...#.## ##.## #.#
#...##.###..# #.#
#.......#.#.# #.#
#>...†......# #.#
##.#####..#..######.#
...............ooo..#
.########......o@o###
.# #########o# .# #.#
.# #.# .# #.# .# #.#
.# #.# .#
##########.# .#
#..........#


You could see an orc wizard and 5 orcs.

Vanquished Creatures
  A worm (D:2)
  A dart slug (D:1)
  6 ball pythons
  7 endoplasms
  3 giant cockroaches
  A goblin (D:2)
  6 hobgoblins
  2 jackals (D:2)
  2 quokkas (D:1)
  A bat (D:1)
  3 frilled lizards
  2 kobolds
  7 rats
42 creatures vanquished.

Notes
Turn   | Place    | Note
-------+----------+-------------------------------------------
     0 | D:1      | Fek the Hill Orc Fighter began the quest for the Orb.
     0 | D:1      | Reached XP level 1. HP: 19/19 MP: 1/1
    81 | D:1      | Reached XP level 2. HP: 25/27 MP: 2/2
   489 | D:1      | Reached skill level 4 in Fighting
   677 | D:1      | Found a faded altar of an unknown god.
   773 | D:2      | Reached XP level 3. HP: 33/33 MP: 3/3
  1291 | D:2      | Found Kebluan's Armour Shop.
  1537 | D:2      | Slain by an orc

Illustrated notes

Levels and vault maps discovered:
D:1:      lightli_arrival_boilingwater, layout_loops_ring,
          shapermc_ecumenical_altar_mp_ritualfount
D:2:      layout_loops_ring, serial_shops, nicolae_shop_trees
D:3:      layout_basic, serial_park_tiny_1, minmay_misc_feat_x

Skill      XL: |  1  2 |
---------------+-------+-----
Fighting       | 4 |  4.1
Axes           | 3 |  3.8
Armour         | |  3.7
Shields        | |  3.7

Action                   || total
-------------------------++-------
Melee: War axe           ||   127
Armor: Scale mail        ||    60
Dodge: Dodged            ||    46
Block: Kite shield       ||    73
